 Dungeon Crawl Stone Soup version 0.20.1-1-g8b1a95d (webtiles) character file.

29265 equalderp2856 the Severer (level 13, -9/116 HPs)
             Began as a Minotaur Fighter on Aug 9, 2017.
             Mangled by a catoblepas (47 damage)
             ... on level 6 of the Lair of Beasts.
             The game lasted 00:48:07 (20855 turns).

equalderp2856 the Severer (Minotaur Fighter)       Turns: 20855, Time: 00:48:08

Health: -9/116     AC: 18    Str: 22    XL:     13   Next: 14%
Magic:  16/16      EV:  4    Int:  6    God:
Gold:   812        SH:  0    Dex: 13    Spells: 11/18 levels left

rFire    + . .     SeeInvis .   a - +0 war axe
rCold    . . .     Gourm    .   c - +0 shield
rNeg     . . .     Faith    .   t - +0 plate armour
rPois    .         Spirit   .   (helmet restricted)
rElec    .         Reflect  .   (no cloak)
rCorr    .         Harm     .   M - +0 pair of gloves
MR       .....                  H - +0 pair of boots
Stlth    ..........             b - amulet of rage
Regen    0.3/turn               v - ring of flight
MPRegen  0.2/turn               u - ring of protection from fire

@: sleeping, petrifying
A: retaliatory headbutt, horns 2
a: Evoke Berserk Rage, Evoke Flight


You were on level 6 of the Lair of Beasts.
You were not hungry.

You visited 2 branches of the dungeon, and saw 14 of its levels.
You also visited: Volcano.

You collected 812 gold pieces.

Inventory:

Hand Weapons
 a - a +0 war axe (weapon)
 Z - a +0 trident
Armour
 c - a +0 shield (worn)
 t - a +0 plate armour (worn)
 H - a +0 pair of boots (worn)
 M - a +0 pair of gloves (worn)
 U - +0 steam dragon scales
 W - a +2 ring mail of cold resistance
Jewellery
 b - an amulet of rage (around neck)
 d - an uncursed ring of wizardry
 u - a ring of protection from fire (right hand)
 v - a ring of flight (left hand)
 O - an uncursed ring of see invisible
 S - an uncursed ring of protection from cold
Wands
 h - a wand of confusion (22/48)
 q - a wand of scattershot (4/9)
 F - a wand of flame (13/48)
 R - a wand of paralysis (20/24)
 X - a wand of iceblast (3/15)
 Y - a wand of digging (10/24)
Scrolls
 g - 8 scrolls of remove curse
 k - 8 scrolls of identify
 l - 2 scrolls of blinking {unknown}
 n - 2 scrolls of immolation
 p - 4 scrolls of fog
 x - 4 scrolls of random uselessness
 y - 2 scrolls of recharging {unknown}
 z - a scroll of summoning {unknown}
 B - 2 scrolls of amnesia {unknown}
 D - 2 scrolls of enchant weapon {unknown}
 E - 3 scrolls of teleportation
 N - a scroll of magic mapping {unknown}
 P - 3 scrolls of enchant armour {unknown}
Potions
 e - 5 potions of degeneration
 i - a potion of invisibility {unknown}
 j - a potion of curing
 m - 2 potions of lignification
 o - 3 potions of cancellation
 r - 2 potions of haste {unknown}
 w - 2 potions of magic
 C - a potion of brilliance {unknown}
 J - 2 potions of agility
 K - a potion of might
 L - 4 potions of flight
 T - a potion of ambrosia {unknown}
 V - 2 potions of berserk rage
Books
 G - a book of Cantrips

   Spells                             Type                      Level
   a - Confusing Touch                Hexes                        1
   b - Animate Skeleton               Necromancy                   1
   c - Summon Small Mammal            Summoning                    1
   d - Apportation                    Translocation                1
 Q - the Reference Book on Lucky Air
   (You found it on level 3 of the Lair of Beasts)

   Spells                             Type                      Level
   a - Poisonous Vapours              Poison/Air                   2
   b - Ozocubu's Armour               Charms/Ice                   3
   c - Excruciating Wounds            Charms/Necromancy            5
   d - Freezing Cloud                 Conjuration/Ice/Air          6
Miscellaneous
 s - a phial of floods
 A - a phial of floods
Comestibles
 f - 10 bread rations
 I - 4 meat rations


   Skills:
 + Level 11.2 Fighting
 + Level 15.5(15.6) Axes
 + Level 3.5(11.0) Polearms
 + Level 12.0 Armour
 + Level 3.0 Dodging
 + Level 1.4 Stealth
 + Level 12.4 Shields
 * Level 3.0 Spellcasting
 + Level 1.3 Evocations


You had 11 spell levels left.
You knew the following spells:

 Your Spells              Type           Power        Failure   Level  Hunger
a - Animate Skeleton      Necr           N/A          99%         1    ##.....
b - Apportation           Tloc           #.....       99%         1    ##.....
c - Confusing Touch       Hex            #.....       99%         1    ##.....
d - Summon Small Mammal   Summ           #...         99%         1    ##.....
e - Ozocubu's Armour      Chrm/Ice       #.......     100%        3    ####...


Dungeon Overview and Level Annotations

Branches:
Dungeon (8/15)             Temple (0/1) D:5            Lair (6/6) D:8
  Swamp (0/4) Lair:4       Spider (0/4) Lair:3        Slime (0/5) Lair:5

Altars:
Cheibriados
The Shining One
Beogh


Innate Abilities, Weirdness & Mutations

You reflexively headbutt those who attack you in melee.
You have a pair of horns on your head.


Message History

The plant is engulfed in calcifying dust.
Found a scroll of identify.
As you read the scroll of teleportation, it crumbles to dust.
You feel strangely unstable.
The dream sheep bleats!
The plant is engulfed in calcifying dust.
The catoblepas breathes a plume of calcifying dust at you.
The blast of calcifying dust hits you!
The dream sheep ruffle their wool and motes of dream dust sparkle, to no effect.
Unknown command.
The plant is engulfed in calcifying dust.
The dream sheep shake their wool and sparkle.
You feel drowsy...
You fall asleep.
Your surroundings suddenly seem different.
The catoblepas breathes a plume of calcifying dust at you.
The blast of calcifying dust hits you!
The catoblepas gores the plant!
You are engulfed in calcifying dust.
You are slowing down.
The catoblepas gores you!!!
You die...

......
................#.........
......
............?...#P...÷....
......
.$....§.......##..........
......
.......§......P###...!....
......
?!.....§......###.........
......
........§......###........
.....Y
........§.....####........
......
........YD...#.#..........
......
.........@...P..##.......$
......
.........#§PP..##.........
....
...########§...#..........
#... .# #P..##.PD....§.§
#P..PYPP.....§F.
#......Y§§....§.
#......8......§.
#..............8÷
##..P.....8......


You could see 2 catoblepae and an eight-headed hydra.

Vanquished Creatures
  5 hydras
  2 two-headed ogres
  A death yak (Lair:6)
  A queen ant (D:8)
  5 elephants
  4 black mambas
  6 spiny frogs
  5 torpor snails (Lair:2)
  3 gargoyles (Volcano)
  5 rime drakes
  An efreet (Volcano)
  4 komodo dragons
  9 blink frogs
  A polar bear (Lair:3)
  5 hippogriffs
  16 yaks
  A basilisk (Lair:6)
  Menkaure (D:5)
  A steam dragon (D:8)
  A hungry ghost (D:7)
  5 swamp worms
  7 soldier ants (D:8)
  4 water moccasins
  7 porcupines
  2 orc warriors (D:6)
  An ice beast (D:5)
  2 sky beasts
  5 centaurs
  10 wolves
  4 ogres
  13 crocodiles
  15 bullfrogs
  A water moccasin zombie (D:6)
  4 scorpions
  An electric eel (Lair:4)
  A howler monkey (D:4)
  3 crimson imps
  4 jellies
  4 orc priests
  4 hounds
  4 orc wizards
  Natasha (thrice) (D:3 D:4)
  An iguana (D:8)
  27 worker ants
  A hound skeleton (D:8)
  A worker ant zombie (D:5)
  4 gnolls (D:7)
  A howler monkey skeleton (D:8)
  4 adders
  2 oozes (D:1)
  An adder zombie (D:5)
  An adder skeleton (D:8)
  A worm (D:5)
  A dart slug (D:2)
  3 leopard geckos
  53 orcs
  5 giant cockroaches
  11 goblins
  8 hobgoblins
  7 jackals
  7 quokkas
  3 ball pythons
  4 bats (D:1)
  7 frilled lizards
  A jackal skeleton (D:8)
  11 kobolds
  2 leopard gecko skeletons
  A leopard gecko zombie (D:5)
  8 rats
  2 plants (Lair:2)
359 creatures vanquished.

Vanquished Creatures (others)
  7 fungi
  7 plants
14 creatures vanquished.

Grand Total: 373 creatures vanquished

Notes
Turn   | Place    | Note
-------+----------+-------------------------------------------
     0 | D:1      | equalderp2856 the Minotaur Fighter began the quest for the Orb.
     0 | D:1      | Reached XP level 1. HP: 19/19 MP: 0/0
    54 | D:1      | You fall through a shaft!
   148 | D:2      | Reached XP level 2. HP: 25/27 MP: 1/1
   281 | D:2      | Found a faded altar of an unknown god.
   681 | D:1      | Reached XP level 3. HP: 33/33 MP: 2/2
   774 | D:1      | Reached skill level 3 in Axes
  1483 | D:3      | Noticed Natasha
  1495 | D:3      | Killed Natasha
  1495 | D:3      | Reached XP level 4. HP: 22/40 MP: 3/3
  1507 | D:3      | Noticed Natasha
  1696 | D:3      | Killed Natasha
  1862 | D:3      | Reached skill level 4 in Axes
  1883 | D:3      | Learned a level 1 spell: Animate Skeleton
  1885 | D:3      | Learned a level 1 spell: Apportation
  1887 | D:3      | Learned a level 1 spell: Confusing Touch
  1982 | D:3      | Reached XP level 5. HP: 34/47 MP: 4/4
  1992 | D:3      | Learned a level 1 spell: Summon Small Mammal
  2113 | D:3      | Reached skill level 5 in Armour
  2239 | D:3      | Reached skill level 5 in Shields
  2581 | D:4      | Noticed Natasha
  2590 | D:4      | Killed Natasha
  2722 | D:4      | Noticed a sky beast
  2742 | D:4      | Killed a sky beast
  2742 | D:4      | Reached skill level 5 in Axes
  2742 | D:4      | Reached XP level 6. HP: 53/53 MP: 5/5
  2903 | D:4      | Found a glowing golden altar of the Shining One.
  3388 | D:4      | Reached skill level 6 in Axes
  3388 | D:4      | Reached XP level 7. HP: 34/60 MP: 6/6
  3774 | D:5      | Entered Level 5 of the Dungeon
  3785 | D:5      | Found a staircase to the Ecumenical Temple.
  3801 | D:5      | Noticed Menkaure
  4585 | D:6      | Reached skill level 5 in Fighting
  5425 | D:7      | Reached skill level 7 in Axes
  5425 | D:7      | Reached XP level 8. HP: 55/68 MP: 7/7
  6140 | D:7      | Reached skill level 8 in Axes
  6689 | D:8      | Reached skill level 9 in Axes
  6724 | D:8      | Found a staircase to the Lair.
  6725 | D:8      | Noticed a komodo dragon
  6808 | D:8      | Killed a komodo dragon
  6808 | D:8      | Reached XP level 9. HP: 25/75 MP: 8/8
  7044 | D:8      | Noticed a two-headed ogre
  7546 | D:7      | Killed a two-headed ogre
  7546 | D:7      | Reached skill level 10 in Axes
  7546 | D:7      | Reached skill level 1 in Dodging
  7546 | D:7      | Reached skill level 1 in Stealth
  7912 | D:8      | Reached skill level 11 in Axes
  8174 | D:8      | Found a roughly hewn altar of Beogh.
  8326 | D:8      | Noticed a queen ant
  8511 | Lair:1   | Entered Level 1 of the Lair of Beasts
  8524 | Lair:1   | Reached XP level 10. HP: 73/86 MP: 9/9
  8620 | Lair:1   | Noticed a spiny frog
  8635 | Lair:1   | Killed a spiny frog
  8721 | Lair:1   | Reached skill level 12 in Axes
  9177 | Lair:1   | Noticed a spiny frog
  9187 | Lair:1   | Killed a spiny frog
  9816 | D:8      | Killed a queen ant
 10165 | D:8      | Reached skill level 13 in Axes
 10377 | D:5      | Killed Menkaure
 10448 | D:5      | Reached XP level 11. HP: 90/95 MP: 10/10
 10910 | D:5      | Reached skill level 10 in Armour
 11325 | D:8      | Noticed a two-headed ogre
 11332 | D:8      | Killed a two-headed ogre
 12226 | Lair:2   | Reached skill level 10 in Shields
 12562 | Lair:2   | Found a snail-covered altar of Cheibriados.
 12671 | Lair:2   | Reached skill level 14 in Axes
 13720 | Lair:3   | Noticed a seven-headed hydra
 13730 | Lair:3   | Killed a seven-headed hydra
 13804 | Lair:3   | Noticed a six-headed hydra
 13828 | Lair:3   | Found a hole to the Spider Nest.
 13906 | Lair:3   | Found a dark tunnel.
 13912 | Volcano  | Entered a volcano
 13961 | Volcano  | Reached XP level 12. HP: 44/106 MP: 11/11
 13980 | Volcano  | Reached skill level 1 in Polearms
 14120 | Volcano  | Reached skill level 10 in Fighting
 14120 | Volcano  | Reached skill level 1 in Evocations
 14971 | Lair:3   | Killed a six-headed hydra
 15008 | Lair:3   | Identified the Reference Book on Lucky Air
 15051 | Lair:3   | Learned a level 3 spell: Ozocubu's Armour
 16067 | Lair:3   | Reached skill level 1 in Spellcasting
 16490 | Lair:4   | Reached skill level 15 in Axes
 16965 | Lair:4   | HP: 1/108 [blink frog (14)]
 16975 | Lair:4   | HP: 5/108 [blink frog (12)]
 17405 | Lair:4   | Noticed a six-headed hydra
 17618 | Lair:4   | Killed an eight-headed hydra
 18533 | Lair:4   | Found a staircase to the Swamp.
 18905 | Lair:5   | Noticed a seven-headed hydra
 18917 | Lair:5   | Killed a seven-headed hydra
 19506 | Lair:5   | Found a staircase to the Slime Pits.
 19595 | Lair:5   | Reached XP level 13. HP: 109/116 MP: 14/16
 20203 | Lair:6   | Entered Level 6 of the Lair of Beasts
 20855 | Lair:6   | Mangled by a catoblepas

Skill      XL: |  1  2  3  4  5  6  7  8  9 10 11 12 13 |
---------------+----------------------------------------+-----
Armour         | 4 5 6 8 9 11 12 | 12.0
Fighting       | 4 5 7 8 9 11 | 11.2
Shields        | 4 5 6 7 8 9 11 12 | 12.4
Axes           | 3 4 5 6 7 9 11 13 14 15 | 15.5
Dodging        | 1 3 |  3.0
Stealth        | 1 |  1.4
Polearms       | 3 |  3.5
Evocations     | 1 |  1.3
Spellcasting   | 2 3 |  3.0

Action                   |  1- 3 |  4- 6 |  7- 9 | 10-12 | 13-15 || total
-------------------------+-------+-------+-------+-------+-------++-------
Melee: War axe           |   105 |   133 |   345 |   750 |    57 ||  1390
       Headbutt          |    10 |    28 |    67 |   204 |    20 ||   329
       Trident           |       |       |       |    52 |    34 ||    86
 Abil: Evoke Berserk Rag |       |       |       |     2 |     1 ||     3
       Evoke Flight      |       |       |       |     3 |       ||     3
       Stop Flying       |       |       |       |     1 |       ||     1
Evoke: Wand              |       |       |     2 |       |       ||     2
  Use: Potion            |       |       |     1 |     7 |       ||     8
       Scroll            |       |       |       |    16 |     2 ||    18
 Stab: Sleeping          |       |       |       |     1 |       ||     1
  Eat: Chunk             |     1 |     5 |    16 |    26 |       ||    48
       Royal jelly       |       |       |     2 |     1 |       ||     3
       Bread ration      |       |       |       |     2 |     1 ||     3
       Fruit             |       |       |       |     2 |       ||     2
Armor: Scale mail        |    15 |       |       |       |       ||    15
       Plate armour      |    49 |    73 |   199 |   271 |    60 ||   652
       Steam dragon scal |       |       |       |    39 |       ||    39
Dodge: Dodged            |    26 |    17 |    51 |   187 |    22 ||   303
Block: Shield            |    79 |    71 |   193 |   444 |    60 ||   847
